[Event "January 9 Early 2024"]
[Site "https://www.chess.com"]
[Date "2024.01.11"]
[Round "6"]
[White "Rodriguez Santiago, Jaime"]
[Black "Kleiman, Jake"]
[Result "0-1"]
[Board "58"]
[TimeControl "180+1"]
[WhiteFideId "3100898"]
[BlackFideId "2020041"]
[WhiteElo "2297"]
[BlackElo "2639"]
[WhiteTeam "PUR"]
[BlackTeam "USA"]
[WhiteClock "0:00:18"]
[BlackClock "0:01:04"]

1. d4 Nf6 2. c4 e6 3. Nf3 Bb4+ 4. Bd2 Bxd2+ 5. Nbxd2 O-O 6. e4 d6 7. Bd3 e5 8. d5 a5 9. O-O Na6 10. h3 Nc5 11. Bc2 Qe7 12. b3 Nh5 13. Re1 Nf4 14. Nf1 Qf6 15. Ng3 Bd7 16. a3 g6 17. Rb1 h5 18. b4 axb4 19. axb4 Na4 20. Rb3 b5 21. cxb5 Bxb5 22. Qd2 Nb6 23. Qc3 Ra7 24. h4 Rfa8 25. Ng5 Bc4 26. Rbb1 Ra3 27. Qd2 Ra2 28. Qd1 R8a3 29. Bb3 Rxf2 30. Kxf2 Nh3+ 31. Ke3 Qf4# 0-1

[Event "January 9 Early 2024"]
[Site "https://www.chess.com"]
[Date "2024.01.11"]
[Round "6"]
[White "Sarkar, Justin"]
[Black "Wadsworth, Matthew J"]
[Result "0-1"]
[Board "59"]
[TimeControl "180+1"]
[WhiteFideId "2010011"]
[BlackFideId "415804"]
[WhiteElo "2306"]
[BlackElo "2641"]
[WhiteTeam "USA"]
[BlackTeam "ENG"]
[WhiteClock "0:00:02"]
[BlackClock "0:01:27"]

1. e4 e6 2. d4 d5 3. Nc3 Bb4 4. e5 c5 5. a3 Bxc3+ 6. bxc3 Qa5 7. Bd2 Qa4 8. Qb1 c4 9. h4 Nc6 10. h5 h6 11. Rh4 Nge7 12. Rg4 Nf5 13. Ne2 Bd7 14. Ng3 Nce7 15. Qxb7 Bc6 16. Qb2 Kd7 17. Be2 Rab8 18. Qa2 Rb7 19. Bd1 Rhb8 20. Bc1 Qa5 21. Kd2 Nxg3 22. Rxg3 Nf5 23. Rg4 Ba4 24. Rf4 Ke8 25. g4 Ne7 26. Be2 Rb5 27. Bd1 R8b7 28. Be2 Qc7 29. Ke1 Qb8 30. Rf3 Rb2 31. Bxb2 Rxb2 32. Bxc4 Rxa2 0-1

[Event "January 9 Early 2024"]
[Site "https://www.chess.com"]
[Date "2024.01.11"]
[Round "6"]
[White "Mena, Martin"]
[Black "Skaric, Djuro"]
[Result "0-1"]
[Board "60"]
[TimeControl "180+1"]
[WhiteFideId "10651225"]
[BlackFideId "934569"]
[WhiteElo "2082"]
[BlackElo "2293"]
[WhiteTeam "EGY"]
[BlackTeam "SRB"]
[WhiteClock "0:00:01"]
[BlackClock "0:01:18"]

1. c4 d6 2. d4 g6 3. e4 Bg7 4. Nc3 Nf6 5. f4 O-O 6. Nf3 c5 7. d5 e6 8. dxe6 fxe6 9. Bd3 Nc6 10. O-O Nd4 11. h3 Bd7 12. Be3 Nxf3+ 13. Qxf3 b6 14. Rae1 Bc6 15. Qg3 Nh5 16. Qg4 Qc8 17. f5 Nf6 18. Qg5 Nd7 19. fxg6 h6 20. Qh4 Qd8 21. Rxf8+ Nxf8 22. Qg4 Qf6 23. Rf1 Qe5 24. Kh1 h5 25. Qg5 Qxg5 26. Bxg5 Nxg6 27. Be2 Ne5 28. Bxh5 Rf8 0-1

[Event "January 9 Early 2024"]
[Site "https://www.chess.com"]
[Date "2024.01.11"]
[Round "6"]
[White "Fiedorek, Michal"]
[Black "Vincenti, Leonardo"]
[Result "0-1"]
[Board "61"]
[TimeControl "180+1"]
[WhiteFideId "1199528"]
[BlackFideId "28550820"]
[WhiteElo "2472"]
[BlackElo "2221"]
[WhiteTeam "POL"]
[BlackTeam "ITA"]
[WhiteClock "0:01:19"]
[BlackClock "0:00:34"]

1. e4 e5 2. Nf3 Nf6 3. Nxe5 d6 4. Nf3 Nxe4 5. Nc3 Nxc3 6. dxc3 Be7 7. Be3 Bf6 8. Qd2 a5 9. O-O-O a4 10. a3 Qe7 11. h4 Qe6 12. Kb1 h6 13. Nd4 Qd5 14. Be2 Nc6 15. Bf3 Qc4 16. Nxc6 bxc6 17. Qd3 Qxd3 18. Bxc6+ Bd7 19. Bxd7+ Kxd7 20. cxd3 Rab8 21. Kc2 Rb3 22. Rb1 Rhb8 23. g4 d5 24. g5 hxg5 25. hxg5 Be5 26. f4 Bd6 27. f5 g6 28. fxg6 fxg6 29. Bd4 c5 30. Bf6 Re8 31. Rbe1 Reb8 32. Rh7+ Kc6 33. c4 d4 34. Rb1 Re8 35. Kd2 Bf4+ 36. Kc2 Re2+ 37. Kd1 Rd2+ 38. Ke1 Rbxd3 39. Rg7 Rh3 0-1

[Event "January 9 Early 2024"]
[Site "https://www.chess.com"]
[Date "2024.01.11"]
[Round "6"]
[White "Zilleruelo Irizarry, Diego"]
[Black "Radibratovic, Predrag"]
[Result "1/2-1/2"]
[Board "62"]
[TimeControl "180+1"]
[WhiteFideId "3101460"]
[BlackFideId "902012"]
[WhiteElo "2342"]
[BlackElo "2511"]
[WhiteTeam "PUR"]
[BlackTeam "SRB"]
[WhiteClock "0:00:20"]
[BlackClock "0:01:18"]

1. e4 c6 2. d4 d5 3. exd5 cxd5 4. Bd3 Nc6 5. c3 g6 6. h3 Bf5 7. Nf3 Nf6 8. O-O Bg7 9. Re1 Bxd3 10. Qxd3 O-O 11. Bf4 e6 12. Nbd2 Rc8 13. a4 b6 14. Ne5 Nxe5 15. Bxe5 Nd7 16. Bxg7 Kxg7 17. a5 Qc7 18. axb6 axb6 19. Qb5 Ra8 20. Kf1 h6 21. g3 Rfb8 22. h4 h5 23. Kg2 Qb7 24. Nf3 Qc7 25. Ng5 Qd6 26. f4 Nf6 27. Kf3 Ng4 28. Ra4 Rxa4 29. Qxa4 Nf6 30. Qa7 Nd7 31. Re5 Rf8 32. Re1 Rb8 33. Re5 Kf6 34. g4 hxg4+ 35. Kxg4 Kg7 36. Re1 Rh8 37. Kg3 Kf6 38. Ra1 Kf5 39. Rf1 Kf6 40. Ra1 Kf5 41. Rf1 Kf6 42. Ra1 1/2-1/2

[Event "January 9 Early 2024"]
[Site "https://www.chess.com"]
[Date "2024.01.11"]
[Round "6"]
[White "Martinez Pla, Xavier"]
[Black "Winkels, Marcel"]
[Result "1-0"]
[Board "63"]
[TimeControl "180+1"]
[WhiteFideId "32074271"]
[BlackFideId "1003887"]
[WhiteElo "2463"]
[BlackElo "2019"]
[WhiteTeam "ESP"]
[BlackTeam "NED"]
[WhiteClock "0:01:18"]
[BlackClock "0:00:01"]

1. e4 d5 2. exd5 Qxd5 3. Nc3 Qd6 4. d4 Nf6 5. Nf3 c6 6. g3 Bg4 7. Bg2 Nbd7 8. a3 e5 9. dxe5 Nxe5 10. Qxd6 Bxd6 11. Nd4 O-O-O 12. h3 Bh5 13. Nf5 Nf3+ 14. Kf1 Rhe8 15. Be3 Ne5 16. Nxg7 Rg8 17. Nf5 Nc4 18. Bxa7 Bc7 19. Be3 Bg6 20. Ne7+ Kb8 21. Nxg8 Nxe3+ 22. fxe3 Rxg8 23. g4 Re8 24. Kf2 Be5 25. Rhe1 Bxc2 26. Rac1 Bb3 27. Bf3 Be6 28. b4 h5 29. g5 Nd5 30. Nxd5 cxd5 31. Red1 Bxh3 32. Rxd5 Be6 33. Rxe5 1-0

[Event "January 9 Early 2024"]
[Site "https://www.chess.com"]
[Date "2024.01.11"]
[Round "6"]
[White "Donchenko, Alexander"]
[Black "Ranaldi, Lucas"]
[Result "0-1"]
[Board "64"]
[TimeControl "180+1"]
[WhiteFideId "24603295"]
[BlackFideId "1519484"]
[WhiteElo "2916"]
[BlackElo "2706"]
[WhiteTeam "GER"]
[BlackTeam "NOR"]
[WhiteClock "0:00:27"]
[BlackClock "0:00:51"]

1. Nf3 Nf6 2. g3 b6 3. Bg2 Bb7 4. O-O c5 5. d3 e6 6. e4 d6 7. Re1 Be7 8. c3 O-O 9. Nbd2 b5 10. d4 Qb6 11. a4 a6 12. d5 exd5 13. exd5 Re8 14. c4 Nbd7 15. a5 Qc7 16. b3 Bf8 17. Bb2 Rxe1+ 18. Nxe1 b4 19. Nc2 Re8 20. Ne3 g6 21. Qc2 Bg7 22. h4 Bc8 23. Nf3 Ne4 24. Bxg7 Kxg7 25. Ng5 Nc3 26. h5 Nf6 27. hxg6 hxg6 28. Bf3 Qd8 29. Kg2 Rh8 30. Qd3 Nd7 31. Ne4 Ne5 32. Qc2 Bh3+ 0-1

[Event "January 9 Early 2024"]
[Site "https://www.chess.com"]
[Date "2024.01.11"]
[Round "6"]
[White "Mizzi, Jack"]
[Black "Matinian, Nikita"]
[Result "0-1"]
[Board "65"]
[TimeControl "180+1"]
[WhiteFideId "5602521"]
[BlackFideId "24129100"]
[WhiteElo "2496"]
[BlackElo "2723"]
[WhiteTeam "MLT"]
[BlackTeam "FID"]
[WhiteClock "0:00:02"]
[BlackClock "0:01:40"]

1. d4 Nf6 2. c4 g6 3. g3 Bg7 4. Bg2 O-O 5. Nf3 d6 6. O-O c6 7. Nc3 Bf5 8. Ne1 e5 9. d5 cxd5 10. cxd5 a5 11. e4 Bd7 12. a4 Na6 13. Nd3 Rc8 14. f3 Nh5 15. Be3 f5 16. Nb5 f4 17. Bf2 fxg3 18. hxg3 Qe7 19. Qd2 b6 20. Rac1 Nc5 21. Nxc5 bxc5 22. Kh2 g5 23. Be3 Nf4 24. gxf4 exf4 25. Bf2 h5 26. Rh1 g4 27. Kg1 g3 28. Be1 h4 29. Bh3 Bxh3 30. Rxh3 c4 31. Kg2 Rc5 32. Qxa5 Rxd5 33. exd5 Qe2+ 34. Kg1 Qe3+ 35. Kh1 Qxf3+ 36. Kg1 Qe3+ 37. Kh1 Qxc1 38. Qd2 Qxd2 39. Bxd2 f3 40. Be3 f2 0-1

[Event "January 9 Early 2024"]
[Site "https://www.chess.com"]
[Date "2024.01.11"]
[Round "6"]
[White "Demin, Vladimir"]
[Black "Hungaski, Robert"]
[Result "0-1"]
[Board "66"]
[TimeControl "180+1"]
[WhiteFideId "4167457"]
[BlackFideId "2021030"]
[WhiteElo "2582"]
[BlackElo "2465"]
[WhiteTeam "RUS"]
[BlackTeam "USA"]
[WhiteClock "0:01:15"]
[BlackClock "0:00:17"]

1. d4 Nf6 2. Nc3 d5 3. Bf4 e6 4. Nb5 Na6 5. e3 Be7 6. g4 O-O 7. g5 Ne4 8. h4 c6 9. Nc3 Bb4 10. Ne2 e5 11. Bxe5 Bg4 12. Qd3 Qa5 13. a3 Bxe2 14. Bxe2 Nxc3 15. Rc1 Nxe2+ 16. axb4 Nxc1 17. bxa5 Nxd3+ 18. cxd3 f6 19. gxf6 gxf6 20. Bd6 Rfe8 21. h5 Kf7 22. Ke2 Re6 23. Bf4 Rg8 24. h6 Ke7 25. Rb1 Kd7 26. b4 Nc7 27. Kf3 Rg6 28. Ra1 Ne8 29. a6 b6 30. Bb8 Rg8 31. Bxa7 Kc7 32. b5 Nd6 33. bxc6 Nb5 34. Kf4 Nxa7 35. Kf5 Rxc6 0-1

[Event "January 9 Early 2024"]
[Site "https://www.chess.com"]
[Date "2024.01.11"]
[Round "6"]
[White "Tymrakiewicz, Rafal"]
[Black "Khamdamova, Afruza"]
[Result "1-0"]
[Board "67"]
[TimeControl "180+1"]
[WhiteFideId "1108832"]
[BlackFideId "14210444"]
[WhiteElo "2407"]
[BlackElo "2512"]
[WhiteTeam "POL"]
[BlackTeam "UZB"]
[WhiteClock "0:00:55"]
[BlackClock "0:00:40"]

1. d4 Nf6 2. Bg5 Ne4 3. Bf4 d5 4. e3 c5 5. Bd3 Nc6 6. Bxe4 dxe4 7. d5 e5 8. Bg3 Nb4 9. Nc3 Bd6 10. a3 Na6 11. Nxe4 Bf5 12. Nxd6+ Qxd6 13. Ne2 O-O 14. c4 Nc7 15. Nc3 Rae8 16. e4 Bg6 17. O-O b6 18. f4 f6 19. fxe5 fxe5 20. Qg4 a6 21. a4 Rf7 22. Rxf7 Bxf7 23. Rf1 Bg6 24. h4 h6 25. h5 Bf7 26. Bh4 Rf8 27. Rf6 Qd8 28. Rxf7 1-0

[Event "January 9 Early 2024"]
[Site "https://www.chess.com"]
[Date "2024.01.11"]
[Round "6"]
[White "Goryachkina, Aleksandra"]
[Black "Kravtsiv, Martyn"]
[Result "0-1"]
[Board "68"]
[TimeControl "180+1"]
[WhiteFideId "4147103"]
[BlackFideId "14113147"]
[WhiteElo "2655"]
[BlackElo "2852"]
[WhiteTeam "FID"]
[BlackTeam "UKR"]
[WhiteClock "0:00:03"]
[BlackClock "0:01:10"]

1. e4 b6 2. d4 Bb7 3. Bd3 e6 4. Nf3 g6 5. c4 Bg7 6. Nc3 Ne7 7. Be3 O-O 8. h4 f5 9. h5 f4 10. Bd2 e5 11. Nxe5 Bxe5 12. dxe5 Nbc6 13. hxg6 Nxg6 14. Qh5 Rf7 15. O-O-O Ncxe5 16. Bxf4 Rxf4 17. Qxh7+ Kf8 18. Qh6+ Ke7 19. Rh5 Qf8 20. Qg5+ Qf6 21. Rh7+ Ke6 22. Qh6 Rh4 23. Qd2 Rxh7 24. Nd5 Bxd5 25. exd5+ Ke7 26. Re1 Kf8 0-1

[Event "January 9 Early 2024"]
[Site "https://www.chess.com"]
[Date "2024.01.11"]
[Round "6"]
[White "Gonzalez Vega, Alejandro"]
[Black "Saha, Ananda"]
[Result "0-1"]
[Board "69"]
[TimeControl "180+1"]
[WhiteFideId "3510042"]
[BlackFideId "2619644"]
[WhiteElo "2259"]
[BlackElo "2478"]
[WhiteTeam "CUB"]
[BlackTeam "CAN"]
[WhiteClock "0:00:16"]
[BlackClock "0:01:01"]

1. e4 e6 2. Nf3 d5 3. e5 c5 4. b4 cxb4 5. d4 Bd7 6. a3 bxa3 7. c3 a6 8. Nxa3 Nc6 9. Bd3 Nh6 10. O-O Be7 11. Nc2 Nf5 12. Ne3 Nxe3 13. fxe3 Qc7 14. Ba3 Bxa3 15. Rxa3 h6 16. e4 Ne7 17. Qe2 Bc6 18. Nd2 O-O 19. c4 dxc4 20. Nxc4 Rad8 21. Nd6 Nc8 22. Nxc8 Qxc8 23. Qe3 Qd7 24. d5 exd5 25. exd5 Qxd5 26. Qg3 Qc5+ 0-1

[Event "January 9 Early 2024"]
[Site "https://www.chess.com"]
[Date "2024.01.11"]
[Round "6"]
[White "Benedetti, Julio"]
[Black "Golubovic, Erik"]
[Result "1/2-1/2"]
[Board "70"]
[TimeControl "180+1"]
[WhiteFideId "172545"]
[BlackFideId "14586908"]
[WhiteElo "2496"]
[BlackElo "2262"]
[WhiteTeam "ARG"]
[BlackTeam "CRO"]
[WhiteClock "0:01:50"]
[BlackClock "0:01:00"]

1. e4 c5 2. Nc3 d6 3. f4 g6 4. Nf3 Bg7 5. Bc4 Nc6 6. d3 e6 7. O-O Nge7 8. f5 O-O 9. fxe6 Bxe6 10. Bxe6 fxe6 11. Bg5 Qd7 12. Qe1 Nd4 13. Nxd4 Bxd4+ 14. Kh1 Rxf1+ 15. Qxf1 Rf8 16. Qe1 Nc6 17. Qh4 Qf7 18. Qe1 Qf2 19. Ne2 Qxe1+ 20. Rxe1 Bxb2 21. Bf4 Be5 22. Bxe5 Nxe5 23. Kg1 b5 24. Rb1 b4 25. a3 a5 26. h3 Nc6 27. axb4 cxb4 28. c3 Rb8 29. cxb4 Rxb4 30. Rc1 Nd4 31. Nxd4 Rxd4 32. Rc3 Kf7 33. Kf2 e5 34. Ke3 Ke6 35. Rc7 h5 36. g4 hxg4 37. hxg4 Ra4 38. g5 Ra1 39. Rg7 a4 40. Rxg6+ Ke7 41. Rg7+ Ke6 42. Ra7 a3 43. g6 a2 44. g7 Rg1 45. Rxa2 Rxg7 46. Rh2 Rg3+ 47. Kd2 Rg6 48. Rh8 d5 49. Re8+ Kd7 50. Rxe5 dxe4 51. Rxe4 Rh6 52. Kc3 Rg6 53. Kc4 Rh6 54. Re5 Rg6 55. Kc5 Rc6+ 56. Kd4 Rd6+ 57. Rd5 Kc6 58. Rxd6+ Kxd6 59. Ke4 Ke6 60. d4 Kd6 61. Kd3 Kd5 62. Kc3 Kd6 63. Kc4 Kc6 64. d5+ Kd6 65. Kd4 Kd7 66. Kc5 Kc7 67. d6+ Kd7 68. Kd5 Kd8 69. Ke6 Ke8 70. Ke5 Kd7 71. Kd5 Kd8 72. Kc5 Kd7 73. Kd5 1/2-1/2

[Event "January 9 Early 2024"]
[Site "https://www.chess.com"]
[Date "2024.01.11"]
[Round "6"]
[White "Panda Sambit"]
[Black "Hoffmann, Asa"]
[Result "1-0"]
[Board "71"]
[TimeControl "180+1"]
[WhiteFideId "25091794"]
[BlackFideId "2001470"]
[WhiteElo "2576"]
[BlackElo "2376"]
[WhiteTeam "IND"]
[BlackTeam "USA"]
[WhiteClock "0:00:20"]
[BlackClock "0:01:12"]

1. e4 d6 2. d4 Nf6 3. Nc3 c6 4. Nf3 Bg4 5. Be2 e6 6. O-O d5 7. h3 Bh5 8. g4 Bg6 9. e5 Nfd7 10. h4 h5 11. Ng5 hxg4 12. Bxg4 Qe7 13. h5 Bf5 14. Bxf5 exf5 15. Qf3 Na6 16. Ne2 Nc7 17. Ng3 Ne6 18. Nxf5 Nxg5 19. Qg4 Qe6 20. Bxg5 g6 21. hxg6 Qxg6 22. Rae1 Qh7 23. Nd6+ Bxd6 24. exd6+ Kf8 25. Be7+ Ke8 26. Bf6+ Kf8 27. Bxh8 Qxh8 28. Qxd7 Qg7+ 29. Kh2 Qh6+ 30. Qh3 Qf4+ 31. Qg3 Qh6+ 32. Kg2 Rd8 33. Rh1 1-0

[Event "January 9 Early 2024"]
[Site "https://www.chess.com"]
[Date "2024.01.11"]
[Round "6"]
[White "Eggleston, Thomas A"]
[Black "Pandey Srishti"]
[Result "1-0"]
[Board "72"]
[TimeControl "180+1"]
[WhiteFideId "412139"]
[BlackFideId "35093290"]
[WhiteElo "2263"]
[BlackElo "2456"]
[WhiteTeam "ENG"]
[BlackTeam "IND"]
[WhiteClock "0:00:25"]
[BlackClock "0:00:54"]

1. e4 e5 2. Nf3 Nc6 3. d4 exd4 4. Nxd4 Nf6 5. Nc3 Bb4 6. Nxc6 bxc6 7. Bd3 d5 8. exd5 O-O 9. O-O Bg4 10. Qd2 cxd5 11. Qg5 h6 12. Qh4 c6 13. h3 Be6 14. f4 Rb8 15. f5 Bd7 16. Kh1 Bd6 17. a3 Ne4 18. Qxd8 Ng3+ 19. Kg1 Bc5+ 20. Rf2 Rfxd8 21. Bf4 Nxf5 22. Bxb8 Rxb8 23. Na4 Bd4 24. c3 Bxf2+ 25. Kxf2 c5 26. Bxf5 Bxf5 27. b4 d4 28. g4 d3 29. gxf5 Re8 30. Re1 Rxe1 31. Kxe1 cxb4 1-0

[Event "January 9 Early 2024"]
[Site "https://www.chess.com"]
[Date "2024.01.11"]
[Round "6"]
[White "Vila Dupla, Aurelio"]
[Black "Sava, Ana-Maria"]
[Result "1-0"]
[Board "73"]
[TimeControl "180+1"]
[WhiteFideId "2203383"]
[BlackFideId "1213504"]
[WhiteElo "2173"]
[BlackElo "1814"]
[WhiteTeam "ESP"]
[BlackTeam "ROU"]
[WhiteClock "0:00:27"]
[BlackClock "0:00:50"]

1. Nf3 d5 2. d4 e6 3. c4 c5 4. cxd5 exd5 5. g3 c4 6. Bg2 Nf6 7. O-O Be7 8. b3 O-O 9. Ne5 cxb3 10. Qxb3 Nc6 11. Nxc6 bxc6 12. Nc3 Ba6 13. Ba3 Rb8 14. Bxe7 Qxe7 15. Qa4 Bc4 16. Rab1 Qc7 17. Rfc1 Rb6 18. e4 Bd3 19. Rxb6 axb6 20. Nxd5 Nxd5 21. exd5 c5 22. dxc5 bxc5 23. Qa3 c4 24. Qxd3 cxd3 25. Rxc7 d2 26. Bf3 Re8 27. d6 h6 28. d7 Re1+ 29. Kg2 d1=Q 30. Bxd1 Rxd1 31. Rc8+ Kh7 32. d8=Q 1-0

[Event "January 9 Early 2024"]
[Site "https://www.chess.com"]
[Date "2024.01.11"]
[Round "6"]
[White "Filippova, Margarita"]
[Black "Tarnowska, Aleksandra"]
[Result "1-0"]
[Board "74"]
[TimeControl "180+1"]
[WhiteFideId "34199680"]
[BlackFideId "1180967"]
[WhiteElo "2345"]
[BlackElo "2203"]
[WhiteTeam "RUS"]
[BlackTeam "POL"]
[WhiteClock "0:01:22"]
[BlackClock "0:00:01"]

1. e4 c5 2. Nf3 e6 3. c3 d5 4. e5 d4 5. Bd3 Nc6 6. O-O Nge7 7. Qe2 Ng6 8. Qe4 dxc3 9. dxc3 Ngxe5 10. Nxe5 Nxe5 11. Bc2 Ng6 12. Rd1 Qc7 13. Ba4+ Ke7 14. Na3 a6 15. Be3 f6 16. Bb3 Kf7 17. h4 Bd6 18. Nc4 Bf4 19. h5 Bxe3 20. hxg6+ hxg6 21. Nd6+ Ke7 22. Qxe3 Bd7 23. g3 Qc6 24. Ne4 b6 25. Rxd7+ Qxd7 26. Rd1 Qc6 27. Rd6 Qb7 28. Rxe6+ Kf8 29. f3 Rd8 30. Nd6 Qd7 31. Kg2 Rh6 32. Bd5 b5 33. g4 b4 34. c4 a5 35. Qxc5 Kg8 36. Re8+ Kh7 37. Bg8+ 1-0

[Event "January 9 Early 2024"]
[Site "https://www.chess.com"]
[Date "2024.01.11"]
[Round "6"]
[White "Dyachuk, Artem"]
[Black "Kraiouchkine, Nikita"]
[Result "1-0"]
[Board "75"]
[TimeControl "180+1"]
[WhiteFideId "34107924"]
[BlackFideId "2607140"]
[WhiteElo "2713"]
[BlackElo "2627"]
[WhiteTeam "UKR"]
[BlackTeam "CAN"]
[WhiteClock "0:01:22"]
[BlackClock "0:00:02"]

1. e4 e5 2. Nf3 Nc6 3. Bb5 f5 4. d3 fxe4 5. dxe4 Nf6 6. O-O Bc5 7. Nc3 Nd4 8. Bc4 d6 9. Be3 Bg4 10. Bxd4 Bxd4 11. Ne2 Bxf3 12. gxf3 Bb6 13. Ng3 Qd7 14. c3 Qh3 15. a4 a6 16. Qb3 a5 17. Be6 Qh4 18. Qb5+ Kf8 19. Ba2 Rd8 20. b4 axb4 21. a5 Bc5 22. Qc4 Rd7 23. a6 bxa6 24. Qxa6 Nh5 25. Qc8+ Rd8 26. Qe6 Qf6 27. Nxh5 Qxe6 28. Bxe6 Ke7 29. Bd5 g6 30. Ng3 bxc3 31. Rfc1 Rb8 32. Rxc3 Bd4 33. Rxc7+ Kf6 34. h4 g5 35. Rf7+ Kg6 36. h5+ Kh6 37. Nf5+ Kxh5 38. Rg7 Bxa1 39. Bf7# 1-0

[Event "January 9 Early 2024"]
[Site "https://www.chess.com"]
[Date "2024.01.11"]
[Round "6"]
[White "Hartikainen, Jarmo"]
[Black "de Lisle, Sarah"]
[Result "1-0"]
[Board "76"]
[TimeControl "180+1"]
[WhiteFideId "503134"]
[BlackFideId "402605"]
[WhiteElo "2161"]
[BlackElo "1927"]
[WhiteTeam "FIN"]
[BlackTeam "ENG"]
[WhiteClock "0:00:19"]
[BlackClock "0:00:57"]

1. e4 e5 2. Nf3 Nc6 3. Bc4 Be7 4. d4 d6 5. dxe5 dxe5 6. Qxd8+ Bxd8 7. O-O Nf6 8. Re1 O-O 9. Nc3 Bg4 10. Nd5 Bxf3 11. gxf3 Rc8 12. c3 Re8 13. Be3 a6 14. Kh1 b5 15. Nxf6+ Bxf6 16. Bd5 Ne7 17. Bb7 Rb8 18. Bxa6 b4 19. cxb4 Rxb4 20. b3 Ra8 21. Bc4 Ng6 22. Bc5 Rbb8 23. Red1 Rd8 24. Kg2 h6 25. a4 Nf4+ 26. Kf1 g5 27. Bb5 Rab8 28. b4 Ne6 29. Rxd8+ Rxd8 30. a5 Nxc5 31. bxc5 Rc8 32. a6 Rb8 33. a7 1-0

[Event "January 9 Early 2024"]
[Site "https://www.chess.com"]
[Date "2024.01.11"]
[Round "6"]
[White "Von Buelow, Georg"]
[Black "Toktomushev, Teimur"]
[Result "1-0"]
[Board "77"]
[TimeControl "180+1"]
[WhiteFideId "4620658"]
[BlackFideId "14176726"]
[WhiteElo "2147"]
[BlackElo "2470"]
[WhiteTeam "GER"]
[BlackTeam "UKR"]
[WhiteClock "0:00:47"]
[BlackClock "0:00:02"]

1. e4 c5 2. Nf3 e6 3. d4 cxd4 4. Nxd4 a6 5. Bd3 Bc5 6. Nb3 Ba7 7. Qg4 Nf6 8. Qg3 Nc6 9. Bg5 h6 10. Bd2 d6 11. Nc3 Nh5 12. Qf3 g6 13. O-O-O Qf6 14. Qxf6 Nxf6 15. f3 Ne5 16. Be2 Ke7 17. g4 Bd7 18. Bf4 Bc6 19. Na5 g5 20. Bg3 Be3+ 21. Kb1 Bf4 22. Bf2 h5 23. h3 hxg4 24. hxg4 1-0

[Event "January 9 Early 2024"]
[Site "https://www.chess.com"]
[Date "2024.01.11"]
[Round "6"]
[White "Bindrich, Falko"]
[Black "Erigaisi Arjun"]
[Result "0-1"]
[Board "78"]
[TimeControl "180+1"]
[WhiteFideId "4676670"]
[BlackFideId "35009192"]
[WhiteElo "2818"]
[BlackElo "3026"]
[WhiteTeam "GER"]
[BlackTeam "IND"]
[WhiteClock "0:00:17"]
[BlackClock "0:01:16"]

1. d4 e6 2. c4 c5 3. d5 exd5 4. cxd5 d6 5. Nc3 a6 6. Nf3 b5 7. e4 Bg4 8. h3 Bxf3 9. Qxf3 Nd7 10. Bf4 Qf6 11. Qg3 Qg6 12. O-O-O Qxg3 13. Bxg3 Ngf6 14. Bd3 g6 15. Kb1 Ke7 16. f4 Nh5 17. Bh2 Bg7 18. g4 Bxc3 19. bxc3 Ng7 20. e5 f5 21. Rhg1 Rhf8 22. Bg3 Nb6 23. Bh4+ Kd7 24. Bf6 Ne8 25. gxf5 Nxf6 26. exf6 Nxd5 27. Kb2 Nxf4 28. fxg6 hxg6 29. Bxg6 Rxf6 30. Be4 Re8 31. Rg7+ Re7 32. Bc6+ Kd8 33. Rxe7 Kxe7 34. Bb7 a5 35. Bc6 b4 36. h4 Rh6 37. Rh1 d5 38. a3 bxc3+ 39. Kxc3 Rxc6 0-1

[Event "January 9 Early 2024"]
[Site "https://www.chess.com"]
[Date "2024.01.11"]
[Round "6"]
[White "Maltsevskaya, Aleksandra"]
[Black "Bueno, Alfeu Junior Varela"]
[Result "1-0"]
[Board "79"]
[TimeControl "180+1"]
[WhiteFideId "24174041"]
[BlackFideId "2108879"]
[WhiteElo "2560"]
[BlackElo "2404"]
[WhiteTeam "POL"]
[BlackTeam "BRA"]
[WhiteClock "0:00:29"]
[BlackClock "0:00:15"]

1. e4 e6 2. d4 d5 3. Nc3 Nf6 4. Bg5 Be7 5. e5 Nfd7 6. h4 O-O 7. Bd3 c5 8. Qh5 g6 9. Qh6 Re8 10. Bxe7 Rxe7 11. Nf3 cxd4 12. h5 dxc3 13. Ng5 Nf8 14. Nxh7 Nxh7 15. hxg6 fxg6 16. Bxg6 Qc7 17. Bxh7+ Rxh7 18. Qg6+ Kh8 19. Qe8+ Kg7 20. Rxh7+ Kxh7 21. O-O-O Nd7 22. Qf7+ Kh6 23. Rh1+ Kg5 24. Qh5+ Kf4 25. Rh4# 1-0

[Event "January 9 Early 2024"]
[Site "https://www.chess.com"]
[Date "2024.01.11"]
[Round "6"]
[White "Trost, Edvin"]
[Black "Mahdavi, Reza"]
[Result "0-1"]
[Board "80"]
[TimeControl "180+1"]
[WhiteFideId "1729519"]
[BlackFideId "12595926"]
[WhiteElo "2621"]
[BlackElo "2860"]
[WhiteTeam "SWE"]
[BlackTeam "IRI"]
[WhiteClock "0:00:05"]
[BlackClock "0:01:13"]

1. d4 Nf6 2. c4 e6 3. Nc3 d5 4. cxd5 Nxd5 5. e4 Nxc3 6. bxc3 c5 7. Nf3 cxd4 8. cxd4 Bb4+ 9. Bd2 Bxd2+ 10. Qxd2 O-O 11. Bc4 Nd7 12. O-O b6 13. Rfe1 Bb7 14. Rad1 Rc8 15. Bb3 Re8 16. Qf4 Qc7 17. Qg4 h6 18. Re3 b5 19. Rde1 a5 20. d5 Nf6 21. Qh4 exd5 22. e5 Ne4 23. a4 bxa4 24. Bxa4 Bc6 25. Bxc6 Qxc6 26. Nd4 Qb6 27. Nf5 Qe6 28. Nd6 Qxe5 29. Nxc8 Rxc8 30. f3 Qd4 31. Kh1 g5 32. Rxe4 dxe4 33. Qxe4 Qxe4 34. fxe4 Ra8 35. Ra1 a4 36. Ra3 Kg7 37. Kg1 Kf6 38. Rxa4 Rxa4 0-1

[Event "January 9 Early 2024"]
[Site "https://www.chess.com"]
[Date "2024.01.11"]
[Round "6"]
[White "Matko, Ognjen"]
[Black "Yonal, Timur"]
[Result "1-0"]
[Board "81"]
[TimeControl "180+1"]
[WhiteFideId "14509717"]
[BlackFideId "44115725"]
[WhiteElo "2512"]
[BlackElo "2275"]
[WhiteTeam "CRO"]
[BlackTeam "TUR"]
[WhiteClock "0:00:35"]
[BlackClock "0:00:14"]

1. g3 g6 2. Bg2 Bg7 3. e4 d6 4. d4 Nd7 5. Nc3 e5 6. Nge2 Ngf6 7. h3 O-O 8. O-O c6 9. Be3 Qc7 10. a4 Re8 11. Qd2 Nf8 12. Rfd1 Be6 13. g4 Rad8 14. f4 exf4 15. Nxf4 Qc8 16. g5 N6d7 17. d5 cxd5 18. Ncxd5 Ne5 19. b3 Bd7 20. Nf6+ Bxf6 21. gxf6 Ne6 22. Nd5 Nc5 23. Ne7+ Rxe7 24. fxe7 Re8 25. Qxd6 Qb8 26. Qxb8 1-0

[Event "January 9 Early 2024"]
[Site "https://www.chess.com"]
[Date "2024.01.11"]
[Round "6"]
[White "Seo, Jung Min"]
[Black "Rozman, Levy"]
[Result "1-0"]
[Board "82"]
[TimeControl "180+1"]
[WhiteFideId "1734687"]
[BlackFideId "2039877"]
[WhiteElo "2858"]
[BlackElo "2658"]
[WhiteTeam "SWE"]
[BlackTeam "USA"]
[WhiteClock "0:01:14"]
[BlackClock "0:00:03"]

1. d4 d5 2. c4 dxc4 3. e4 b5 4. a4 c6 5. Nc3 a6 6. axb5 cxb5 7. Nxb5 axb5 8. Rxa8 Bb7 9. Ra1 e6 10. Ne2 Bxe4 11. Nc3 Nf6 12. Nxe4 Nxe4 13. Be2 Bb4+ 14. Kf1 O-O 15. Bf3 f5 16. g3 Nc6 17. Be3 Ne7 18. Kg2 Nd5 19. Bxe4 fxe4 20. Qg4 Qd7 21. Qxe4 Qc6 22. f3 Kh8 23. Bf2 c3 24. bxc3 Bxc3 25. Ra7 Qb6 26. Rd7 Qc6 27. Ra7 Qb6 28. Ra2 b4 29. Re2 Rf6 30. Rb1 Qc6 31. h4 h6 32. Kh2 Qc4 33. g4 Rf4 34. Qxe6 Rxf3 35. Qe8+ Kh7 36. Qe4+ Kh8 37. Qe8+ Kh7 38. Qe4+ Kh8 39. Qxf3 Qc7+ 40. Bg3 1-0